 Seeded DCSS version 0.30-a0-125-g51eefa89be (webtiles) character file.

Game seed: 8919145477362671510 (custom seed)

75597 timneilson the Blocker (level 15, -16/92 HPs)
             Began as a Gargoyle Fighter on Sept 18, 2022.
             Was a High Priest of Okawaru.
             Killed by Lee's Rapid Deconstruction
             ... invoked by Jorgrun
              (26 damage)
             ... on level 2 of the Orcish Mines on Sept 19, 2022.
             The game lasted 00:55:10 (25309 turns).

timneilson the Blocker (Gargoyle Fighter)          Turns: 25309, Time: 00:55:10

Health: -16/92     AC: 42    Str: 31    XL:     15   Next: 50%
Magic:  22/22      EV: 10    Int: 10    God:    Okawaru [*****.]
Gold:   1208       SH: 12    Dex:  9    Spells: 14/14 levels left

rFire   . . .      SeeInvis .    J - +3 double sword (venom)
rCold   . . .      Faith    .    B - +0 kite shield
rNeg    + . .      Spirit   .    l - +8 chain mail of Hepliaklqana {Str+5}
rPois   ∞          Reflect  .    k - +1 helmet
rElec   +          Harm     .    K - +1 cloak "Yfaptac" {Drain Fly rCorr}
rCorr   +          Rampage  .    c - +2 pair of gloves
Will    ++...                    t - +0 pair of boots
Stlth   ..........               (no amulet)
HPRegen 0.25/turn                n - +4 ring of slaying
MPRegen 0.18/turn                w - ring of willpower

@: flying
A: sickness immunity, AC +11, big wings, negative energy resistance 1,
electricity resistance, torment resistance 1, petrification resistance
a: Renounce Religion, Heroism, Finesse, Duel


You were on level 2 of the Orcish Mines.
You worshipped Okawaru.
Okawaru was extremely pleased with you.
You visited 4 branches of the dungeon, and saw 21 of its levels.
You visited the Abyss 1 time.
You visited 1 bazaar.

You collected 1558 gold pieces.
You spent 350 gold pieces at shops.

Inventory:

Hand Weapons
 q - a +4 scimitar
 A - a +3 scimitar of flaming
 J - a +3 double sword of venom (weapon)
Missiles
 D - 2 throwing nets (quivered)
Armour
 c - a +2 pair of gloves (worn)
 k - a +1 helmet (worn)
 l - the +8 chain mail of Hepliaklqana (worn) {Str+5}
   (You found it on level 2 of the Lair of Beasts)

   Str:       It affects your strength (+5).
 t - a +0 pair of boots (worn)
 B - a +0 kite shield (worn)
 K - the +1 cloak "Yfaptac" (worn) {Drain Fly rCorr}
   (Okawaru gifted it to you on level 5 of the Lair of Beasts)

   Fly:       It grants you flight.
   rCorr:     It protects you from acid and corrosion.
   Drain:     It drains your maximum health when unequipped.
 L - the +1 plate armour "Caegi" {rF+ Regen+}
   (Okawaru gifted it to you on level 3 of the Lair of Beasts)

   rF:        It protects you from fire.
   Regen:     It increases your rate of health regeneration.
Jewellery
 n - a +4 ring of slaying (left hand)
 p - a +6 ring of strength
 w - a ring of willpower (right hand)
 y - a +4 ring of protection
Wands
 a - a wand of roots (7)
 h - a wand of flame (40)
 v - a wand of light (7)
 z - a wand of paralysis (4)
 F - a wand of digging (10)
 H - a wand of polymorph (4)
Scrolls
 g - 4 scrolls of magic mapping
 m - 9 scrolls of teleportation
 r - 4 scrolls of enchant armour
 x - 2 scrolls of enchant weapon
 I - 2 scrolls of amnesia
 N - a scroll of identify
Potions
 b - 2 potions of flight
 d - 7 potions of curing
 e - 2 potions of magic
 f - 5 potions of attraction
 i - 7 potions of lignification
 j - 3 potions of mutation
 o - 2 potions of berserk rage
 s - 2 potions of brilliance
 C - 3 potions of haste
 E - 4 potions of ambrosia
 G - 2 potions of cancellation
 P - a potion of might
Miscellaneous
 u - a tin of tremorstones (2/2)


   Skills:
 + Level 10.2 Fighting
 * Level 11.6 Long Blades
 * Level 13.9 Armour
 + Level 7.3 Dodging
 * Level 13.9 Shields
 + Level 9.4 Invocations
 + Level 7.8 Evocations


You had 14 spell levels left.
You didn't know any spells.
Your spell library contained the following spells:

 Spells                   Type           Power      Damage    Failure   Level
 Freeze                   Ice            0%         1d3       93%         1
 Magic Dart               Conj           0%         1d3       93%         1
 Necrotise                Necr           0%         1d4       93%         1
 Sting                    Tmut/Pois      0%         1d3       93%         1
 Poisonous Vapours        Pois/Air       0%         N/A       98%         2
 Wereblood                Tmut           0%         N/A       98%         2
 Frozen Ramparts          Ice            0%         1d1       100%        3
 Ignite Poison            Fire/Tmut/Pois 0%         N/A       100%        3
 Mephitic Cloud           Conj/Pois/Air  0%         N/A       100%        3
 Vampiric Draining        Necr           0%         2d6       100%        3
 Hailstorm                Conj/Ice       0%         3d3       100%        4
 Olgreb's Toxic Radiance  Pois           0%         N/A       100%        4
 Petrify                  Tmut/Erth      0%         N/A       100%        4
 Sticky Flame             Conj/Fire      0%         2d3       100%        4
 Agony                    Necr           0%         N/A       100%        5
 Iron Shot                Conj/Erth      0%         9d1       100%        6
 Lehudib's Crystal Spear  Conj/Erth      0%         10d2      100%        8
 Call Imp                 Summ           Unusable   N/A       N/A         2
 Sublimation of Blood     Necr           Unusable   N/A       N/A         2
 Summon Hydra             Summ           Unusable   N/A       N/A         7

Dungeon Overview and Level Annotations

Branches:
Dungeon (13/15)            Temple (1/1) D:5            Lair (5/5) D:8
 Shoals (0/4) Lair:2       Spider (0/4) Lair:3        Slime (0/5) Lair:4
    Orc (2/2) D:11            Elf (0/3) Orc:2
 Vaults: D:13-14

Altars:
Ashenzari
Cheibriados
Dithmenos
Elyvilon
Fedhas
Gozag
Hepliaklqana
Kikubaaqudgha
Makhleb
Nemelex Xobeh
Okawaru
Qazlal
Ru
Sif Muna
Trog
Uskayaw
Vehumet
Wu Jian
Xom
Yredelemnul
Zin
The Shining One
Jiyva
Lugonu

Shops:
D:5 [   Orc:2 =

Portals:
Abyss: Lair:5

Annotations:
Lair:2 2 transporters
Orc:2 Jorgrun


Innate Abilities, Weirdness & Mutations

You are immune to sickness and miasma.
Your stone body is resilient. (AC +11)
You are immune to poison.
Your large and strong wings let you fly.
You resist negative energy. (rN+)
You are resistant to electric shocks. (rElec)
You are resistant to unholy torment.
You are immune to petrification.


Message History

You hit the troll.
The troll is severely wounded.
You slash the troll!
You kill the troll!
Okawaru accepts your kill.
Things that are here:
a +0 giant spiked club; an ogre corpse You feel like a meek peon again.
An ogre comes into view. It is wielding a +0 giant club.
Items here: $ ( ))))))) [[[ †††††.
There are no items here.
Items here: $ ( ))))))) [[[ †††††.
Okay, then.
Things that are here:
a +0 hand axe; 29 gold pieces; an orc corpse
Items here: $ ( ))))))) [[[ †††††.
You start resting.
You hear the deafening beating of a distant drum.
You start resting.
Magic restored.
You start resting.
An ogre comes into view. It is wielding a +0 giant spiked club.
You start resting.
After a thunderous strike, the drumbeats cease.
You start resting.
Jorgrun Earthshaker comes into view.
He is wielding a +0 vorpal quarterstaff.
Jorgrun shouts!
Jorgrun points at you and mumbles some strange words.
Roots burst forth from the earth!
The grasping roots grab you! The grasping roots constrict you.
* * * LOW HITPOINT WARNING * * *
The roots grasp on you weakens, but your attempt to escape fails.
The grasping roots constrict you.
Unknown command.
You escape the roots grasp.
Jorgrun hits you but does no damage. Jorgrun gestures at you while chanting.
You shatter!!
You die...

,,,,,.........)....<#...*,,,,**
,,,,,................#..,*,,,,**
,,,,,......#............,,,,,,,*
,,,,,,.....#............,,,,,,**
,,,,,,..$...............,,,,,,,*
,,,,,*,.................,,,,,,**
,*,,,,,.......)..g.......,,,,,*
,,,,,,,..##.#............,,,,,**
,,,,,,$####.....@.......,,,,,,,*
,,,,,,..#.........#...##,,*,*,**
******#........[......##..,**,**
*** #.#......[<......#..,,,,,*
*,****#........[...........**,**
*+**,*#.....................***
,,,*,*#......))..............*
,,,*+*#.......).............#*
,,,+,*#......................**


You could see Jorgrun.

Vanquished Creatures
  Gastronok (Lair:3)
  An orc warlord (D:11)
  A starflower (Abyss:3)
  Azrael (D:12)
  3 hydras
  3 catoblepae (Lair:5)
  2 ogre magi (Orc:2)
  The ghost of Iusername the Carver, a novice MiFi of Ashenzari (D:8)
  A death yak (Lair:5)
  3 boulder beetles
  11 two-headed ogres
  3 thrashing horrors (Lair:5)
  2 orc high priests
  5 skeletal warriors (D:13)
  4 large abominations (Lair:5)
  2 deep trolls (Orc:2)
  A lindwurm (Lair:5)
  An obsidian statue (Orc:2)
  5 orc sorcerers
  2 ugly things
  A salamander (shapeshifter) (Lair:5)
  4 cyclopes
  5 elephants (Lair:4)
  Joseph (D:10)
  3 black mambas
  3 gargoyles
  Maggie (D:8)
  9 cane toads
  An unseen horror (D:13)
  15 komodo dragons
  Psyche (D:8)
  2 ancient zymes (Lair:5)
  4 polar bears
  10 trolls
  2 hornets (D:9)
  A queen bee (Orc:1)
  11 slime creatures (D:13)
  A raiju (Abyss:3)
  29 blink frogs
  3 culicivoras (Lair:3)
  Sigmund (D:6)
  4 water elementals (D:10)
  3 ynoxinuls
  A spriggan (Lair:5)
  32 yaks
  2 wraiths (D:9)
  3 fire elementals (D:12)
  3 basilisks (Lair:5)
  A vampire (D:13)
  A steam dragon (D:7)
  8 wyverns
  10 vampire mosquitoes
  Edmund (D:6)
  2 chaos spawn (Lair:5)
  3 wargs
  A swamp worm (shapeshifter) (Lair:5)
  An acid dragon (D:11)
  3 hell hounds (D:12)
  11 water moccasins
  An ice beast (D:7)
  18 orc warriors
  A sky beast (D:6)
  A black bear (D:5)
  A centaur (D:6)
  7 wolves
  16 ogres
  4 phantoms
  A kobold brigand (D:5)
  2 scorpions
  2 gnoll sergeants
  6 bullfrogs
  4 necrophages
  18 wights
  30 killer bees
  11 small abominations (Lair:5)
  5 howler monkeys
  A crimson imp (D:4)
  A jelly (D:6)
  9 orc priests
  4 hounds
  6 iguanas
  19 orc wizards
  9 gnolls
  6 adders
  3 shadow imps (D:6)
  2 white imps
  5 ufetubi
  3 worms
  6 dart slugs
  93 orcs
  11 ball pythons
  15 endoplasms
  6 giant cockroaches
  9 goblins
  4 hobgoblins
  2 jackals (D:4)
  13 kobolds
  6 quokkas
  6 bats
  8 frilled lizards
  8 rats
634 creatures vanquished.

Vanquished Creatures (others)
  A deep elf pyromancer (D:12)
  7 fungi
  30 plants
38 creatures vanquished.

Grand Total: 672 creatures vanquished

Notes
Turn   | Place    | Note
-------+----------+-------------------------------------------
     0 | D:1      | timneilson the Gargoyle Fighter began the quest for the
                  | Orb.
     0 | D:1      | Reached XP level 1. HP: 14/14 MP: 1/1
   163 | D:1      | Reached XP level 2. HP: 19/19 MP: 2/2
   377 | D:1      | Reached XP level 3. HP: 23/23 MP: 3/3
  1899 | D:2      | Reached XP level 4. HP: 23/28 MP: 4/4
  3063 | D:3      | Reached skill level 1 in Dodging
  3063 | D:3      | Reached XP level 5. HP: 24/33 MP: 5/5
  3647 | D:3      | Found a shimmering altar of Xom.
  3917 | D:3      | Found a bloodstained altar of Trog.
  4220 | D:4      | Reached XP level 6. HP: 15/38 MP: 6/6
  4709 | D:4      | Identified the +7 short sword of Conflict {vorpal, rN++
                  | Stlth-}
  4795 | D:4      | Reached skill level 5 in Shields
  5165 | D:4      | Reached skill level 5 in Armour
  5165 | D:4      | Reached XP level 7. HP: 42/43 MP: 7/7
  5262 | D:5      | Entered Level 5 of the Dungeon
  5262 | D:5      | Found a staircase to the Ecumenical Temple.
  5273 | Temple   | Entered the Ecumenical Temple
  5281 | Temple   | Reached skill level 1 in Evocations
  5548 | Temple   | Became a worshipper of Warmaster Okawaru
  5932 | D:5      | Found a basalt altar of Yredelemnul.
  5983 | D:5      | Reached skill level 1 in Invocations
  6053 | D:5      | Found Vebiorr's Armour Emporium.
  6180 | D:5      | Reached * piety under Okawaru
  6190 | D:5      | Reached XP level 8. HP: 48/48 MP: 8/8
  7038 | D:6      | Noticed Sigmund
  7058 | D:6      | Noticed Edmund
  7387 | D:6      | Reached ** piety under Okawaru
  7425 | D:6      | Reached skill level 5 in Fighting
  7694 | D:6      | Killed Sigmund
  7695 | D:6      | Reached skill level 5 in Long Blades
  7695 | D:6      | Reached XP level 9. HP: 54/54 MP: 7/10
  7920 | D:6      | Found an ornate altar of the Wu Jian Council.
  8035 | D:6      | Killed Edmund
  8976 | D:7      | Reached *** piety under Okawaru
  9247 | D:7      | Reached XP level 10. HP: 47/60 MP: 12/12
  9603 | D:7      | Found a glowing silver altar of Zin.
 10272 | D:8      | Noticed Maggie
 10303 | D:8      | Killed Maggie
 10463 | D:8      | Noticed Iusername's ghost (novice MiFi)
 10467 | D:8      | Found a runed translucent door.
 10651 | D:8      | Found a sacrificial altar of Ru.
 10916 | D:8      | Found a staircase to the Lair.
 10954 | D:8      | Noticed Psyche
 10962 | D:8      | Killed Psyche
 10962 | D:8      | Reached **** piety under Okawaru
 11040 | D:8      | Noticed a gargoyle
 11045 | D:8      | Killed a gargoyle
 11051 | D:8      | Found a faded altar of an unknown god.
 11051 | D:8      | Found a hazy altar of Hepliaklqana.
 11438 | D:9      | Noticed a two-headed ogre
 11444 | D:9      | Killed a two-headed ogre
 11547 | D:9      | Reached XP level 11. HP: 66/66 MP: 14/14
 11581 | D:9      | Found a stormy altar of Qazlal.
 11798 | D:9      | Reached ***** piety under Okawaru
 11799 | D:9      | Reached skill level 5 in Invocations
 12147 | D:10     | Entered Level 10 of the Dungeon
 12332 | D:10     | Found a hide-covered altar of Uskayaw.
 12715 | D:10     | Noticed Joseph
 12727 | D:10     | Paralysed by Joseph for 3 turns
 12737 | D:10     | Killed Joseph
 13163 | D:10     | Found a shimmering blue altar of Sif Muna.
 13278 | D:11     | Noticed a two-headed ogre
 13311 | D:11     | Noticed a two-headed ogre
 13311 | D:11     | Noticed a two-headed ogre
 13321 | D:10     | Killed a two-headed ogre
 13344 | Lair:1   | Entered Level 1 of the Lair of Beasts
 13864 | Lair:1   | Identified the +9 dagger of the Candelabrum {flame, MP+9
                  | Dex+7}
 14191 | Lair:2   | Found a transporter.
 14192 | Lair:2   | Found a transporter.
 14193 | Lair:2   | Noticed a boulder beetle
 14231 | Lair:2   | Reached skill level 10 in Shields
 14277 | Lair:2   | Reached skill level 5 in Evocations
 14293 | Lair:2   | Identified the +8 chain mail of Hepliaklqana {Str+5}
 14360 | Lair:2   | Noticed a boulder beetle
 14361 | Lair:2   | Found a hide-covered altar of Uskayaw.
 14363 | Lair:2   | Found an ornate altar of the Wu Jian Council.
 14381 | Lair:2   | Killed a boulder beetle
 14382 | Lair:2   | Reached skill level 10 in Armour
 14390 | Lair:2   | Reached XP level 12. HP: 70/72 MP: 16/16
 14415 | Lair:2   | Found a staircase to the Shoals.
 14487 | Lair:2   | Identified the +7 longbow of Chaos {freeze, Contam Fly rC+
                  | Will+} (Okawaru gifted it to you on level 2 of the Lair of
                  | Beasts)
 14487 | Lair:2   | Received a gift from Okawaru
 15166 | Lair:3   | Reached skill level 5 in Dodging
 15241 | Lair:3   | Found a hole to the Spider Nest.
 15624 | Lair:3   | Noticed Gastronok
 15646 | Lair:3   | Killed Gastronok
 15794 | Lair:3   | Noticed a boulder beetle
 15831 | Lair:3   | Killed a boulder beetle
 16632 | Lair:3   | Identified the +1 plate armour "Caegi" {rF+ Regen+}
                  | (Okawaru gifted it to you on level 3 of the Lair of Beasts)
 16632 | Lair:3   | Received a gift from Okawaru
 16780 | Lair:3   | Identified a scroll of acquirement
 16780 | Lair:3   | Acquired a +3 double sword of venom
 16791 | Lair:4   | Noticed a five-headed hydra
 16791 | Lair:4   | Found a staircase to the Slime Pits.
 16791 | Lair:4   | Found a viscous altar of Jiyva.
 17191 | Lair:4   | Killed a one-headed hydra
 17191 | Lair:4   | Reached ****** piety under Okawaru
 17192 | Lair:4   | Reached XP level 13. HP: 61/78 MP: 18/18
 17680 | Lair:5   | Entered Level 5 of the Lair of Beasts
 18271 | Lair:5   | Identified the +1 cloak "Yfaptac" {Drain Fly rCorr}
                  | (Okawaru gifted it to you on level 5 of the Lair of Beasts)
 18271 | Lair:5   | Received a gift from Okawaru
 18505 | Lair:5   | Reached skill level 10 in Long Blades
 18780 | Lair:5   | Identified the +9 whip "Orb Guardian's Bane" {protect,
                  | rPois rC+ Dex+4}
 19476 | Lair:5   | Gained mutation: Your large and strong wings let you fly.
                  | [Gargoyle growth]
 19476 | Lair:5   | Reached XP level 14. HP: 78/86 MP: 18/20
 19800 | Lair:5   | Identified the +2 scale mail of the Orange {Will+}
 19863 | Abyss:2  | Cast into level 2 of the Abyss (spriggan)
 19874 | Abyss:3  | Found a corrupted altar of Lugonu.
 19875 | Abyss:3  | Noticed a starflower
 19891 | Abyss:3  | Found a corrupted altar of Lugonu.
 19901 | Abyss:3  | Killed a starflower
 19904 | Lair:5   | Escaped the Abyss
 19927 | Lair:5   | Found a corrupted altar of Lugonu.
 19927 | Lair:5   | Found a one-way gate to the infinite horrors of the Abyss.
 20437 | D:8      | Killed Iusername's ghost
 20447 | D:8      | Got Lehudib's Compilation of the Mountains
 20804 | D:11     | Found a radiant altar of Vehumet.
 21276 | D:11     | Found a staircase to the Orcish Mines.
 21962 | D:12     | Noticed Azrael
 21978 | D:12     | Killed Azrael
 21986 | D:12     | Identified the +8 falchion of Focus {freeze, rElec rF++
                  | Str-4 Int+3} (Okawaru gifted it to you on level 12 of the
                  | Dungeon)
 21986 | D:12     | Received a gift from Okawaru
 23811 | Orc:1    | Entered Level 1 of the Orcish Mines
 23822 | Orc:1    | Noticed an orc warlord
 23842 | D:11     | Reached XP level 15. HP: 92/92 MP: 21/21
 23866 | D:11     | Received a gift from Okawaru
 23908 | D:11     | Killed an orc warlord
 24112 | Orc:1    | Paralysed by an orc sorcerer for 5 turns
 24279 | Orc:1    | Reached skill level 10 in Fighting
 24718 | Orc:2    | Entered Level 2 of the Orcish Mines
 24780 | Orc:2    | Found a gateway to a bazaar.
 24793 | Bazaar   | Entered a bazaar
 24850 | Bazaar   | Found Jamar's Weapon Emporium.
 24890 | Bazaar   | Found Sifonkinn's Distillery.
 24897 | Bazaar   | Bought a potion of lignification for 30 gold pieces
 24897 | Bazaar   | Bought a potion of haste for 100 gold pieces
 24897 | Bazaar   | Bought a potion of haste for 100 gold pieces
 24897 | Bazaar   | Bought a potion of curing for 30 gold pieces
 24897 | Bazaar   | Bought a potion of heal wounds for 50 gold pieces
 24897 | Bazaar   | Bought a potion of might for 40 gold pieces
 25005 | Bazaar   | Found Jayki's General Store.
 25132 | Orc:2    | Found Pufoj's Jewellery Emporium.
 25226 | Orc:2    | HP: 3/92 [troll (5)]
 25233 | Orc:2    | HP: 3/92 [troll (1)]
 25269 | Orc:2    | HP: 1/92 [troll (8)]
 25301 | Orc:2    | Noticed Jorgrun
 25309 | Orc:2    | Killed from afar by Jorgrun

Illustrated notes

Levels and vault maps discovered:
D:1:      enne_arrival_octagon_isle, layout_basic, st_stairs_8,
          chequers_serial_rivers_small_a, minmay_indecisive_spiral
D:2:      cheibrodos_pilgrimage, layout_loops_corners
D:3:      layout_basic, xom_confusion_cloud, trog_butcher_becter, serial_forest,
          infiniplex_forest_straight_3, infiniplex_forest_clump_diagonal,
          infiniplex_forest_corner_1, infiniplex_forest_diagonal,
          infiniplex_forest_end_3, infiniplex_forest_end_2, minmay_between
D:4:      layout_basic, minmay_fire_ice_demons
D:5:      layout_cave_pools, lemuel_doored_altar, minmay_temple_entry_crystal_x,
          serial_shops, shop, hangedman_decor_clover_reticule
D:6:      layout_loops_corners, grunt_ministairs_6, minmay_ruined_shrine,
          uniq_edmund, uniq_sigmund
D:7:      kennysheep_spiral_hall, layout_basic, mainiacjoe_overflow_alcove_1
D:8:      layout_gridville, nicolae_ru_great_annihilating_truth,
          beargit_hepliaklqana_dungeon_heroes, lair_entry_dummy,
          hellmonk_ghost_big_iron, minmay_misc_feat_plants, kennysheep_path_1,
          uniq_psyche, uniq_maggie
D:9:      layout_stronghold, lemuel_coloured_pillars_altar
D:10:     layout_irregular_city, eat_drink_and_be_merry_uskayaw,
          kennysheep_orc_sif_temple, hangedman_decor_points,
          minmay_misc_feat_tiny, hangedman_abyss_or_decor_stabs,
          nicolae_underground_beach, uniq_joseph
D:11:     layout_basic, hiddenorc2_lemuel, vehumet_altar_wand_db
D:12:     layout_rooms, solitary_fountain, uniq_azrael
D:13:     layout_irregular_city
Temple:   oiseaux_autumnal_temple
Lair:1:   layout_loops_ring, st_stairs_12
Lair:2:   gammafunk_boulding_lane, layout_gridlike, elwin_shoals_entry_rocks,
          minmay_holes, nzn_masters_of_martial_movement, lemuel_fruit_tree
Lair:3:   layout_cave_pods, hellmonk_spider_entry_life_and_decay, uniq_gastronok
Lair:4:   layout_hall_layers, slime_entry_1, chequers_serial_rivers_micro_a,
          grunt_megastairs_2
Lair:5:   hellmonk_lair_end_abyssal_woods, layout_cave_pods,
          nicolae_lair_yak_garden, grunt_megastairs_3
Orc:1:    layout_caves, special_room [special_room_bee]
Orc:2:    st_orc_open, layout_caves, serial_shops, statue_bzr,
          gauntlet_entry_generic, hangedman_minor_magic, uniq_jorgrun

Skill      XL: |  1  2  3  4  5  6  7  8  9 10 11 12 13 14 15 |
---------------+----------------------------------------------+-----
Long Blades    | 2 3 4 5 6 7 8 9 10 11 | 11.6
Armour         | 4 5 6 7 8 10 11 12 13 | 13.9
Shields        | 4 5 6 7 9 10 11 12 13 | 13.9
Dodging        | 1 2 3 4 5 6 7 |  7.3
Fighting       | 4 5 6 7 8 9 10 | 10.2
Evocations     | 1 2 3 4 5 6 7 |  7.8
Invocations    | 1 2 3 4 6 7 8 9 |  9.4

Action                   |  1- 3 |  4- 6 |  7- 9 | 10-12 | 13-15 || total
-------------------------+-------+-------+-------+-------+-------++-------
Melee: Long sword        |   146 |   248 |   237 |       |       ||   631
       Scimitar          |       |       |   140 |   622 |    15 ||   777
       Double sword      |       |       |       |    92 |  1297 ||  1389
Invok: Heroism           |       |       |     8 |    22 |    26 ||    56
       Finesse           |       |       |       |     2 |     7 ||     9
Evoke: Wand              |       |       |       |     8 |     4 ||    12
       Tin of tremorston |       |       |       |     1 |     3 ||     4
  Use: Scroll            |       |     8 |     8 |     6 |     7 ||    29
       Potion            |       |     1 |     3 |     2 |    13 ||    19
 Stab: Invisible         |       |       |       |     2 |       ||     2
       Paralysed         |       |       |       |     1 |       ||     1
       Petrified         |       |       |       |       |     1 ||     1
Armor: Scale mail        |    76 |     6 |       |       |       ||    82
       Chain mail        |       |   181 |   254 |   292 |   831 ||  1558
       Plate armour      |       |       |       |    99 |       ||    99
Dodge: Dodged            |    66 |    86 |   168 |   253 |   524 ||  1097
Block: Buckler           |    28 |    53 |   101 |    52 |       ||   234
       Kite shield       |       |       |       |   295 |   878 ||  1173

Table legend: (Time is in decaauts)
 A = Elapsed time spent in this place.
 B = Non-inter-level travel time spent in this place.
 C = Inter-level travel time spent in this place.
 D = Time resting spent in this place.
 E = Time spent auto-exploring this place.
 F = Levels seen in this place.
 G = Mean time per level.
                   A        B        C        D        E       F      G
               +--------+--------+--------+--------+--------+-----+--------+
         Total |  25320 |  24567 |    753 |   1379 |  16939 |  24 | 1055.0 |
       Dungeon |  16963 |  16486 |    477 |   1317 |  11289 |  13 | 1304.8 |
        Temple |    323 |    277 |     46 |      0 |    251 |   1 |  323.0 |
          Lair |   6986 |   6774 |    212 |     44 |   5055 |   5 | 1397.2 |
  Orcish Mines |    770 |    754 |     16 |     18 |    343 |   2 |  385.0 |
         Abyss |     30 |     30 |      0 |      0 |      0 |   2 |   15.0 |
        Bazaar |    245 |    245 |      0 |      0 |      0 |   1 |  245.0 |
               +--------+--------+--------+--------+--------+-----+--------+

Top non-repeatable levels by time:
  Lair:5: 2521 daAuts
  Lair:3: 1789 daAuts
     D:6: 1692 daAuts
     D:2: 1685 daAuts
    D:11: 1629 daAuts
     D:5: 1451 daAuts
    D:10: 1409 daAuts
     D:7: 1385 daAuts
     D:1: 1378 daAuts
     D:8: 1254 daAuts
     D:4: 1208 daAuts
     D:3: 1115 daAuts
  Lair:2: 973 daAuts
     D:9: 953 daAuts
    D:13: 909 daAuts
